 Dungeon Crawl Stone Soup version 0.29-a0-559-g359e09b9d1 (webtiles) character file.

Game seed: 14809188631501473321

2 Heedrag the Conjurer (level 1, -1/13 HPs)
             Began as a Demonspawn Conjurer on June 9, 2022.
             Slain by a gnoll
             ... wielding a +0 flail
              (7 damage)
             ... on level 1 of the Dungeon.
             The game lasted 00:00:29 (78 turns).

Heedrag the Conjurer (Demonspawn Conjurer)            Turns: 78, Time: 00:00:30

Health: -1/13      AC:  2    Str:  7    XL:     1   Next: 25%
Magic:  0/3        EV: 12    Int: 19    God:
Gold:   16         SH:  0    Dex: 11    Spells: 3/4 levels left

rFire   . . .      SeeInvis .   (no weapon)
rCold   . . .      Faith    .   (no shield)
rNeg    . . .      Spirit   .   a - +0 robe
rPois   .          Reflect  .   (no helmet)
rElec   .          Harm     .   (no cloak)
rCorr   .          Rampage  .   (no gloves)
Will    .....                   (no boots)
Stlth   ++........              (no amulet)
HPRegen 0.04/turn               (no ring)
MPRegen 0.08/turn               (no ring)

@: no status effects
A: no striking features
a: no special abilities


You were on level 1 of the Dungeon.
You visited 1 branch of the dungeon, and saw 1 of its levels.

You collected 16 gold pieces.

Inventory:

Armour
 a - a +0 robe (worn)
Scrolls
 e - a scroll of identify {unknown}
Potions
 b - a potion of magic
 c - a potion of heal wounds {unknown}
 d - a potion of flight {unknown}


   Skills:
 + Level 1.8 Dodging
 + Level 1.8 Stealth
 + Level 2.0 Spellcasting
 * Level 4.0 Conjurations


You had 3 spell levels left.
You knew the following spells:

 Your Spells              Type           Power      Damage    Failure   Level
a - Magic Dart            Conj           68%        1d6       3%          1

Your spell library contained the following spells:

 Spells                   Type           Power      Damage    Failure   Level
 Searing Ray              Conj           34%        2d5       4%          2
 Dazzling Flash           Conj/Hex       18%        N/A       22%         3
 Fulminant Prism          Conj/Hex       4%         3d6       58%         4
 Iskenderun's Mystic Bla  Conj/Tloc      9%         2d4       58%         4


Dungeon Overview and Level Annotations

Branches:
Dungeon (1/15)

Altars:


Message History

Bad channel name for runrest: 'pray:' Options error: Bad channel -- pray (~/.crawlrc:4412) Options error: Bad channel -- food (~/.crawlrc:4415) Options error: Bad channel -- rotten_meat (~/.crawlrc:4432) Welcome, Heedrag the Demonspawn Conjurer.
You feel drawn to the Orb of Zot, downwards into the unfathomable depths...
Found four items.
Found a staircase leading out of the dungeon.
Okay, then.
c - a puce potion You now have 8 gold pieces.
d - a black potion You now have 16 gold pieces (gained 8).
e - a scroll labelled YWO QOSYLOIMASKAA You open the door.
There is an open door here.
A ball python comes into view.
The magic dart hits the ball python.
The ball python hisses angrily.
The magic dart hits the ball python.
You kill the ball python!
You can't see any susceptible monsters within range! (Use Z to cast anyway.)
A rat comes into view.
The magic dart hits the rat.
You are too depleted to draw on your mana recklessly!
You are too depleted to draw on your mana recklessly!
The rat bites you.
You hit the rat.
You kill the rat!
No target in view!
You start resting.
You start resting.
Found a scroll labelled SOIPTU VAHU.
A gnoll comes into view. It is wielding a +0 flail.
The gnoll shouts!
The magic dart hits the gnoll but does no damage.
The magic dart hits the gnoll but does no damage.
The magic dart hits the gnoll.
You are too depleted to draw on your mana recklessly!
You see here a scroll labelled SOIPTU VAHU.
You hit the gnoll but do no damage. The gnoll hits you with a +0 flail!
Ouch! That really hurt!
* * * LOW HITPOINT WARNING * * *
You hit the gnoll. The gnoll closely misses you.
Unknown command.
You closely miss the gnoll. The gnoll barely misses you.
Unknown command.
You hit the gnoll. The gnoll hits you with a +0 flail!
Ouch! That really hurt!
You die...

#...#8#8#8# ..
..........#### .#
..<...###.'..# .#
..........#..# .######
#...#8#8#8##.####.......
8...8######......#
#.#.##.....#.###.#
8.#.8#..#..#.# #.#
#.#.## ## ..# #@# 8.#.8
.### #g# #.#.# .. ... ..
.#.## ... #.#.# # #..
##. .


You could see a gnoll.

Vanquished Creatures
  A ball python (D:1)
  A rat (D:1)
2 creatures vanquished.

Notes
Turn   | Place    | Note
-------+----------+-------------------------------------------
     0 | D:1      | Heedrag the Demonspawn Conjurer began the quest for the
                  | Orb.
     0 | D:1      | Reached XP level 1. HP: 13/13 MP: 3/3
    78 | D:1      | Slain by a gnoll

Illustrated notes

Levels and vault maps discovered:
D:1:      heliophobic_arrival_ceremonial_halls, layout_loops_cross

Action                   || total
-------------------------++-------
Melee: Unarmed           ||     5
 Cast: Magic Dart        ||     6
Dodge: Dodged            ||     2

Table legend: (Time is in decaauts)
 A = Elapsed time spent in this place.
 B = Non-inter-level travel time spent in this place.
 C = Inter-level travel time spent in this place.
 D = Time resting spent in this place.
 E = Time spent auto-exploring this place.
 F = Levels seen in this place.
 G = Mean time per level.
                   A        B        C        D        E       F      G
               +--------+--------+--------+--------+--------+-----+--------+
         Total |     78 |     78 |      0 |     30 |     27 |   1 |   78.0 |
       Dungeon |     78 |     78 |      0 |     30 |     27 |   1 |   78.0 |
               +--------+--------+--------+--------+--------+-----+--------+

Top non-repeatable levels by time:
     D:1: 78 daAuts
